 Dungeon Crawl Stone Soup version 0.30.1 (webtiles) character file.

Game seed: 17029072584152617869

24867 Graphine the Nimble (level 12, -6/65 HPs)
             Began as a Deep Elf Hunter on July 11, 2023.
             Was a Priest of Hepliaklqana.
             Mangled by an ettin
             ... wielding a +0 dire flail
              (27 damage)
             ... on level 1 of the Orcish Mines.
             The game lasted 00:31:51 (12239 turns).

Graphine the Nimble (Deep Elf Hunter)              Turns: 12239, Time: 00:31:52

Health: -6/65      AC: 13    Str:  8    XL:     12   Next: 84%
Magic:  29/29      EV: 24    Int: 18    God:    Hepliaklqana [***...]
Gold:   898        SH:  0    Dex: 32    Spells: 31/33 levels left

rFire   . . .        Q - +1 arbalest (heavy)
rCold   . . .        (shield currently unavailable)
rNeg    . . .        w - +3 acid dragon scales
rPois   .            f - +0 helmet
rElec   .            d - +2 cloak
rCorr   +            (no gloves)
SInv    .            (no boots)
Will    +....        E - amulet of magic regeneration
Stlth   ++           k - +6 ring of dexterity
HPRegen 0.30/turn    u - +6 ring of dexterity
MPRegen 0.61/turn

%: no passive effects
@: silenced
A: reduced essence, hooves 1
a: Renounce Religion


You were on level 1 of the Orcish Mines.
You worshipped Hepliaklqana.
Hepliaklqana was most pleased with you.
You visited 3 branches of the dungeon, and saw 12 of its levels.
You also visited: Bailey.

You collected 898 gold pieces.

Inventory:

Hand Weapons
 a - a +1 shortbow of flaming
 b - a +1 dagger of pain
 m - the +4 war axe of Zealous Watchfulness {heavy, *Slow rN++ Dex+3}
   (You found it on level 4 of the Dungeon)

   Dex:       It affects your dexterity (+3).
   rN:        It greatly protects you from negative energy.
   *Slow:     It may slow you when you take damage.
 Q - a +1 heavy arbalest (weapon)
Missiles
 q - 5 atropa-tipped darts
 B - 3 throwing nets
Armour
 d - a +2 cloak (worn)
 f - a +0 helmet (worn)
 w - +3 acid dragon scales (worn)
 D - a +0 chain mail
 M - +0 storm dragon scales
Magical Staves
 L - a staff of cold
Jewellery
 k - a +6 ring of dexterity (left hand)
 p - a +6 ring of strength
 u - a +6 ring of dexterity (right hand)
 z - a ring of ice
 E - an amulet of magic regeneration (around neck)
 O - a ring of ice
Wands
 h - a wand of charming (14)
 x - a wand of acid (31)
 N - a wand of polymorph (7)
Scrolls
 c - a scroll of magic mapping
 e - 2 scrolls of teleportation
 v - 2 scrolls of blinking
 y - 3 scrolls of fear
 C - a scroll of amnesia
 H - a scroll of enchant armour
 P - a scroll of fog
Potions
 g - 2 potions of curing
 i - 2 potions of haste
 j - 3 potions of mutation
 l - a potion of resistance
 n - 3 potions of heal wounds
 o - 3 potions of flight
 r - 2 potions of brilliance
 s - a potion of berserk rage
 t - 2 potions of ambrosia
 A - a potion of lignification
 F - a potion of might
 G - a potion of magic {unknown}
 K - a potion of cancellation {unknown}


   Skills:
 - Level 8.0 Fighting
 * Level 12.6 Ranged Weapons
 - Level 2.0 Armour
 + Level 12.9 Dodging
 - Level 1.2 Stealth
 + Level 11.0 Spellcasting
 + Level 11.0 Hexes
 - Level 8.0 Ice Magic


You had 31 spell levels left.
You knew the following spells:

 Your Spells              Type           Power      Damage    Failure   Level
a - Ensorcelled Hibernat  Hex/Ice        88%        N/A       1%          2

Your spell library contained the following spells:

 Spells                   Type           Power      Damage    Failure   Level
 Magic Dart               Conj           36%        1d4       12%         1
 Fulminant Prism          Conj/Hex       14%        3d9       13%         4
 Passwall                 Tmut/Erth      7%         N/A       19%         2
 Searing Ray              Conj           18%        2d5       19%         2
 Swiftness                Air            9%         N/A       36%         3


Dungeon Overview and Level Annotations

Branches:
Dungeon (10/15)            Temple (1/1) D:5             Orc (1/2) D:10
 Bailey (visited)
   Lair: D:8-11

Altars:
Ashenzari
Cheibriados
Dithmenos
Elyvilon
Fedhas
Hepliaklqana
Kikubaaqudgha
Makhleb
Nemelex Xobeh
Okawaru
Qazlal
Ru
Sif Muna
Trog
Uskayaw
Vehumet
Wu Jian
Xom
Yredelemnul
Zin
The Shining One

Shops:
D:7 *

Annotations:
D:7 1 runed translucent door, bencef's ghost, novice FoEE
Orc:1 3 transporters, 1 runed translucent door, nordom's ghost, journeyman DEIE


Innate Abilities, Weirdness & Mutations

Your life essence is reduced to manifest your ancestor. (-10% HP)
You have large cloven feet.


Message History

The two-headed ogre is severely wounded.
Fire: Q) +1 arbalest (heavy)
Press: ? - help, Q - select action, (/) - cycle Shift-Dir - straight line, f/p - two-headed ogre
Aim: a two-headed ogre, wielding two +0 giant spiked clubs (silenced, severely wounded, 83% to hit)
You shoot a bolt. The bolt hits the two-headed ogre.
The two-headed ogre is severely wounded.
Fire: Q) +1 arbalest (heavy)
Press: ? - help, Q - select action, (/) - cycle Shift-Dir - straight line, f/p - two-headed ogre
Aim: a two-headed ogre, wielding two +0 giant spiked clubs (silenced, severely wounded, 83% to hit)
You shoot a bolt.
The bolt closely misses the two-headed ogre.
You feel yourself slow down.
Fire: Q) +1 arbalest (heavy)
Press: ? - help, Q - select action, (/) - cycle Shift-Dir - straight line, f/p - two-headed ogre
Aim: a two-headed ogre, wielding two +0 giant spiked clubs (silenced, severely wounded, 83% to hit)
Okay, then.
You shoot a bolt. The bolt hits the two-headed ogre!!
You kill the two-headed ogre!
Your Spellcasting skill increases to level 11!
Your Hexes skill increases to level 11!
Fire: Q) +1 arbalest (heavy)
Press: ? - help, Q - select action, (/) - cycle Shift-Dir - straight line, f - ettin
Aim: an ettin, wielding two +0 dire flails (silenced, 87% to hit)
You shoot a bolt. The bolt hits the ettin!!
The ettin is heavily wounded.
Unknown command.
Fire: Q) +1 arbalest (heavy)
Press: ? - help, Q - select action, (/) - cycle Shift-Dir - straight line, f/p - ettin
Aim: an ettin, wielding two +0 dire flails (silenced, moderately wounded, 87% to hit)
You shoot a bolt. The bolt hits the ettin!
The ettin is heavily wounded.
You shoot a bolt. The bolt barely misses the ettin.
The ettin completely misses you.
The ettin hits you with a +0 dire flail!!
* * * LOW HITPOINT WARNING * * *
The ettin closely misses you. The ettin completely misses you.
You feel much better.
The ettin hits you with a +0 dire flail!
The ettin hits you with a +0 dire flail!!
You die...

....)))).## ##.......^....))))..
....#)#.## ##.#...........).))
.....#### ##.#..#....#.><)).
....## ###########.))[.. .....#
#.....) .....# ####### #.....[
.....# eOy#○# ##.[... .....#
########### #...... .....#
#.....)@..## #...... .....# #
#.....C....## #..#... .....#y#
#..⌠..###...######......
.....#####....$#y#..)#y#.....#...
........##...$$####''###.........
........##..(?[ ##...##R.........
.......©##..[:_+W#!.©##©.........
........##..)?)###...##..........
........##. $$ ###++###........#


You could see an ettin, an ogre mage, 3 moths of wrath and a deep elf
pyromancer.

Vanquished Creatures
  2 orc warlords
  4 two-headed ogres
  An orc high priest (Orc:1)
  A deep troll (Orc:1)
  Pikel (D:7)
  An orc knight (Bailey)
  A cyclops (D:6)
  3 centaur zombies (D:10)
  Joseph (D:10)
  Maggie (D:7)
  4 trolls
  A hornet (D:9)
  A wraith (D:9)
  5 yaks
  2 steam dragons
  A warg (Orc:1)
  An acid dragon (D:10)
  A water moccasin (D:8)
  3 ice beasts
  16 orc warriors
  A black bear (D:6)
  6 ogres
  2 phantoms (D:5)
  5 centaurs
  2 lemures (D:7)
  3 bullfrogs
  2 scorpions
  A necrophage (D:10)
  2 wights (D:10)
  3 killer bees (D:8)
  4 howler monkeys
  3 quasits (D:4)
  A human zombie (D:10)
  7 orc priests
  A hound (D:6)
  A jelly (D:6)
  A gnoll bouda (D:4)
  5 iguanas
  A sleepcap (D:5)
  11 orc wizards
  2 mummies (D:10)
  8 adders
  19 gnolls
  A shadow imp (D:5)
  A white imp (D:7)
  4 ufetubi
  A worm (D:2)
  A dart slug (D:3)
  43 orcs
  7 bats
  8 endoplasms
  3 giant cockroaches
  14 goblins
  8 hobgoblins
  11 jackals
  6 quokkas
  7 ball pythons
  A frilled lizard (D:2)
  9 kobolds
  3 rats (D:1)
270 creatures vanquished.

Vanquished Creatures (collateral kills)
  2 two-headed ogres (D:10)
  Urug (Orc:1)
  An orc sorcerer (Orc:1)
  3 centaur zombies (D:10)
  The ghost of infcreate the Shooter, an amateur DEHu (D:4)
  2 yaks (D:9)
  A warg (Orc:1)
  2 orc warriors
  A gnoll (Bailey)
  5 orcs (Orc:1)
  A goblin (Bailey)
  A kobold (Bailey)
21 creatures vanquished.

Vanquished Creatures (others)
  3 ancestors
  2 knights
5 creatures vanquished.

Grand Total: 296 creatures vanquished

Notes
Turn   | Place    | Note
-------+----------+-------------------------------------------
     0 | D:1      | Graphine the Deep Elf Hunter began the quest for the Orb.
     0 | D:1      | Reached XP level 1. HP: 12/12 MP: 3/3
    71 | D:1      | Reached XP level 2. HP: 16/17 MP: 4/4
   704 | D:2      | Reached XP level 3. HP: 21/21 MP: 5/5
   707 | D:2      | Learned a level 2 spell: Ensorcelled Hibernation
  1026 | D:2      | Found a faded altar of an unknown god.
  1413 | D:3      | Found a snail-covered altar of Cheibriados.
  1430 | D:3      | Reached XP level 4. HP: 26/26 MP: 6/6
  2037 | D:3      | Reached XP level 5. HP: 26/31 MP: 7/7
  2477 | D:4      | Found a hide-covered altar of Uskayaw.
  2478 | D:4      | Found a shadowy altar of Dithmenos.
  2557 | D:4      | Noticed infcreate's ghost (amateur DEHu)
  2585 | D:4      | Found a transporter.
  2617 | D:4      | Reached XP level 6. HP: 31/36 MP: 8/8
  2647 | D:4      | Identified the +4 war axe of Zealous Watchfulness {heavy,
                  | *Slow rN++ Dex+3}
  2745 | D:4      | Found a transporter.
  2908 | D:4      | Found an iron altar of Okawaru.
  3142 | D:4      | Killed infcreate's ghost
  3143 | D:4      | Reached skill level 5 in Dodging
  3143 | D:4      | Reached XP level 7. HP: 41/41 MP: 9/9
  3185 | D:5      | Entered Level 5 of the Dungeon
  3790 | D:5      | Reached skill level 10 in Ranged Weapons
  3790 | D:5      | Reached XP level 8. HP: 33/48 MP: 10/10
  4042 | D:5      | Found a blossoming altar of Fedhas.
  4115 | D:5      | Found a staircase to the Ecumenical Temple.
  4175 | Temple   | Entered the Ecumenical Temple
  4578 | D:5      | Identified the +3 falchion "Beetlebane" {speed, rPois}
  5226 | D:6      | Noticed a cyclops
  5238 | D:6      | Killed a cyclops
  5239 | D:6      | Reached skill level 5 in Fighting
  5239 | D:6      | Reached XP level 9. HP: 54/54 MP: 11/11
  5263 | D:6      | Noticed a troll
  5278 | D:6      | Killed a troll
  5506 | D:6      | Found a hazy altar of Hepliaklqana.
  5511 | D:6      | Became a worshipper of Hepliaklqana the Forgotten
  5659 | D:7      | Noticed Maggie
  5673 | D:7      | Killed Maggie
  5674 | D:7      | Reached skill level 1 in Spellcasting
  5674 | D:7      | Reached skill level 1 in Hexes
  5674 | D:7      | Reached skill level 1 in Ice Magic
  5830 | D:7      | Found Mmihu's Merry Market.
  5859 | D:7      | Found a shimmering blue altar of Sif Muna.
  5925 | D:7      | Noticed Pikel
  5937 | D:7      | Found a bloodstained altar of Trog.
  5949 | D:7      | Killed Pikel
  5950 | D:7      | Reached skill level 1 in Armour
  5964 | D:7      | Found a stormy altar of Qazlal.
  5964 | D:7      | Found a burning altar of Makhleb.
  5975 | D:7      | Found a sacrificial altar of Ru.
  6157 | D:7      | Found a runed translucent door.
  6158 | D:7      | Noticed bencef's ghost (novice FoEE)
  6252 | D:7      | Gained mutation: Your body sometimes deteriorates upon
                  | taking damage. [potion of mutation]
  6252 | D:7      | Gained mutation: You have hidden genetic defects. [potion
                  | of mutation]
  6253 | D:7      | Lost mutation: You have hidden genetic defects. [potion of
                  | mutation]
  6253 | D:7      | Lost mutation: Your body sometimes deteriorates upon taking
                  | damage. [potion of mutation]
  6253 | D:7      | Gained mutation: Your magical capacity is low. (-10% MP)
                  | [potion of mutation]
  6253 | D:7      | Lost mutation: Your magical capacity is low. (-10% MP)
                  | [potion of mutation]
  6253 | D:7      | Gained mutation: You have large cloven feet. [potion of
                  | mutation]
  6519 | D:8      | Reached XP level 10. HP: 60/60 MP: 17/17
  6887 | D:8      | Reached * piety under Hepliaklqana
  6932 | D:8      | Found a glowing golden altar of the Shining One.
  7092 | D:9      | Found a glowing silver altar of Zin.
  7182 | D:9      | Identified the +4 spear of the Morning {heavy, rElec Will+
                  | Int+2}
  7286 | D:9      | Found a flagged portal.
  7328 | Bailey   | Entered a bailey
  7347 | Bailey   | Noticed an orc warlord
  7516 | Bailey   | Found a runed translucent gate.
  7519 | Bailey   | Found a runed translucent gate.
  7521 | Bailey   | Found a runed translucent gate.
  7569 | Bailey   | Noticed an orc knight
  7579 | Bailey   | Killed an orc knight
  7580 | Bailey   | Reached skill level 5 in Spellcasting
  7580 | Bailey   | Reached skill level 5 in Hexes
  7689 | Bailey   | Killed an orc warlord
  7799 | Bailey   | Identified the +0 scale mail of Fun and Games {Rampage
                  | Slay+2}
  7800 | Bailey   | Reached skill level 10 in Dodging
  7800 | Bailey   | Reached XP level 11. HP: 60/60 MP: 20/24
  8220 | D:9      | Reached ** piety under Hepliaklqana
  8221 | D:9      | Remembered your ancestor Publius as a knight
  8245 | D:9      | Noticed a two-headed ogre
  8252 | D:9      | Killed a two-headed ogre
  8443 | D:10     | Entered Level 10 of the Dungeon
  8463 | D:10     | Noticed a two-headed ogre
  8474 | D:10     | Killed a two-headed ogre
  8809 | D:10     | Noticed Joseph
  8815 | D:10     | Killed Joseph
  8942 | D:10     | Found a staircase to the Orcish Mines.
  8980 | D:10     | Noticed a two-headed ogre
  9003 | D:10     | Killed a two-headed ogre
  9004 | D:10     | Reached XP level 12. HP: 65/65 MP: 26/26
  9256 | D:10     | Reached *** piety under Hepliaklqana
  9375 | D:10     | Noticed a two-headed ogre
  9384 | D:10     | Killed a two-headed ogre
  9590 | D:10     | Found an ancient bone altar of Kikubaaqudgha.
  9701 | Orc:1    | Entered Level 1 of the Orcish Mines
  9705 | Orc:1    | Noticed an orc high priest
  9710 | Orc:1    | Killed an orc high priest
  9716 | Orc:1    | Noticed an orc warlord
 10557 | Orc:1    | Killed an orc warlord
 10558 | Orc:1    | Reached skill level 10 in Spellcasting
 10558 | Orc:1    | Reached skill level 10 in Hexes
 10778 | Orc:1    | Noticed Urug
 10791 | Orc:1    | Killed Urug
 10910 | Orc:1    | Found a transporter.
 10923 | Orc:1    | Found a transporter.
 10926 | Orc:1    | Noticed nordom's ghost (journeyman DEIE)
 10927 | Orc:1    | Found a transporter.
 10927 | Orc:1    | Noticed a two-headed ogre
 10928 | Orc:1    | Noticed an orc high priest
 12212 | Orc:1    | Found a transporter.
 12212 | Orc:1    | Found a runed translucent door.
 12212 | Orc:1    | Found a bloodstained altar of Trog.
 12212 | Orc:1    | Found the +8 Wrath of Trog {antimagic, *Rage Rampage}
 12213 | Orc:1    | Noticed an ogre mage
 12214 | Orc:1    | Noticed a two-headed ogre
 12219 | Orc:1    | HP: 2/65 [two-headed ogre/+0 giant club (18)]
 12224 | Orc:1    | Killed a two-headed ogre
 12228 | Orc:1    | Noticed an ettin
 12229 | Orc:1    | Noticed a two-headed ogre
 12234 | Orc:1    | Killed a two-headed ogre
 12239 | Orc:1    | Mangled by an ettin

Illustrated notes

Levels and vault maps discovered:
D:1:      dpeg_arrival_subterranean_lakeside_camping, layout_basic
D:2:      layout_loops_ring, ebering_ecumenical_altar_abandoned,
          kennysheep_decorative_pillar
D:3:      layout_loops_corners, kennysheep_slug_shrine,
          kennysheep_generic_room_5
D:4:      layout_cave_pods, nicolae_overflow_hidden_temple,
          gammafunk_ghost_stat_death
D:5:      layout_layer_cave, mainiacjoe_overflow_paths,
          minmay_temple_entry_glassed_door
D:6:      layout_basic, mainiacjoe_overflow_alcove_2, minmay_three_doors
D:7:      layout_rooms, nicolae_sif_muna_condensation, old_standard_altar,
          grunt_temple_overflow_open, gammafunk_ghost_grave,
          nicolae_alphabet_shops, uniq_maggie, uniq_pikel
D:8:      layout_loops_ring, lemuel_coloured_pillars_altar
D:9:      layout_small_grid, nicolae_overflow_crystal_walls,
          lightli_bailey_entry_fortress
D:10:     layout_loops_corners, lemuel_mausoleum_altar_kikubaaqudgha,
          orc_0_dummy, chequers_serial_rivers_room_b, dk_noncrumbling_3,
          uniq_joseph
Temple:   hellmonk_temple_beads
Orc:1:    emtedronai_trogs_sanctum, layout_caves, gammafunk_ghost_arena,
          uniq_urug

Skill      XL: |  1  2  3  4  5  6  7  8  9 10 11 12 |
---------------+-------------------------------------+-----
Ranged Weapons | 6 7 8 10 12 | 12.6
Fighting       | 2 3 4 5 6 7 8 |  8.0
Dodging        | 3 4 5 6 7 9 10 11 12 | 12.9
Spellcasting   | 3 7 8 11 | 11.0
Hexes          | 3 7 8 11 | 11.0
Ice Magic      | 3 6 7 8 |  8.0
Armour         | 1 2 |  2.0
Stealth        | |  1.2

Action                     |  1- 3 |  4- 6 |  7- 9 | 10-12 || total
---------------------------+-------+-------+-------+-------++-------
   Fire: Shortbow          |   103 |   130 |   296 |   391 ||   920
         Arbalest          |       |       |       |    32 ||    32
   Cast: Ensorcelled Hiber |       |       |       |     5 ||     5
 Invoke: Ancestor Life: Kn |       |       |       |     1 ||     1
         Recall Ancestor   |       |       |       |     1 ||     1
  Evoke: Wand              |       |       |       |     2 ||     2
    Use: Scroll            |     6 |     5 |    13 |    11 ||    35
         Potion            |       |     3 |     3 |     7 ||    13
 Armour: Leather armour    |    13 |    10 |    17 |       ||    40
         Skin              |       |   189 |     3 |     3 ||   195
         Acid dragon scale |       |       |     7 |    29 ||    36
  Dodge: Dodged            |    36 |    40 |    77 |   113 ||   266
